 Dungeon Crawl Stone Soup version 0.21-a0-55-gb612c23 (webtiles) character file.

639 xgamer67 the Cleaver (level 7, -3/56 HPs)
             Began as a Hill Orc Wanderer on June 14, 2017.
             Slain by an orc warrior
             ... wielding a +0 scimitar
              (12 damage)
             ... on level 4 of the Dungeon.
             The game lasted 00:12:24 (7379 turns).

xgamer67 the Cleaver (Hill Orc Wanderer)            Turns: 7379, Time: 00:12:25

Health: -3/56      AC: 12    Str: 17    XL:     7   Next: 50%
Magic:  7/7        EV:  5    Int: 12    God:
Gold:   116        SH:  0    Dex: 10    Spells: 2/6 levels left

rFire    . . .     SeeInvis .   a - +0 hand axe
rCold    . . .     Gourm    .   (no shield)
rNeg     . . .     Faith    .   o - +1 plate armour
rPois    .         Spirit   .   (no helmet)
rElec    .         Reflect  .   (no cloak)
rCorr    .         Harm     .   (no gloves)
MR       .....                  (no boots)
Stlth    ..........             (no amulet)
HPRegen  0.18/turn              (no ring)
MPRegen  0.10/turn              r - ring of stealth

@: no status effects
A: no striking features
a: no special abilities


You were on level 4 of the Dungeon.
You were not hungry.

You visited 1 branch of the dungeon, and saw 4 of its levels.
You also visited: Ossuary.

You collected 144 gold pieces.
You spent 28 gold pieces at shops.

Inventory:

Hand Weapons
 a - a +0 hand axe (weapon)
 b - a +2 shortbow
 u - a +0 blowgun
Missiles
 c - 135 arrows
 g - 8 tomahawks (quivered)
Armour
 o - a +1 plate armour (worn)
Jewellery
 r - a ring of stealth (right hand)
Wands
 t - a wand of flame (13/48)
Scrolls
 h - a scroll of amnesia
 m - a scroll of blinking
 n - a scroll of teleportation
 q - 3 scrolls of remove curse
 y - a scroll of magic mapping
Potions
 d - 2 potions of cancellation
 e - 5 potions of curing
 i - 2 potions of agility
 j - 2 potions of mutation
 k - a potion of brilliance {unknown}
 l - a potion of magic {unknown}
 p - 2 potions of invisibility {unknown}
 v - a potion of heal wounds {unknown}
 w - a potion of resistance {unknown}
 x - a potion of ambrosia {unknown}
 z - 2 potions of might {unknown}
 A - a potion of flight {unknown}
Books
 s - a book of Cantrips

   Spells                             Type                      Level
   a - Confusing Touch                Hexes                        1
   b - Animate Skeleton               Necromancy                   1
   c - Summon Small Mammal            Summoning                    1
   d - Apportation                    Translocation                1
Comestibles
 f - 6 bread rations


   Skills:
 - Level 2.4 Fighting
 * Level 10.2 Axes
 - Level 1.7 Bows
 - Level 1.0 Throwing
 + Level 3.1 Armour
   Level 1.1 Shields


You had 2 spell levels left.
You knew the following spells:

 Your Spells              Type           Power        Failure   Level  Hunger
a - Animate Skeleton      Necr           N/A          100%        1    ##.....
b - Summon Small Mammal   Summ           #...         100%        1    ##.....
c - Confusing Touch       Hex            #.....       100%        1    ##.....
e - Apportation           Tloc           #.....       100%        1    ##.....


Dungeon Overview and Level Annotations

Branches:
Dungeon (4/15)
 Temple: D:4-7

Altars:

Shops:
D:4 }=


Message History

The orc wizard is moderately wounded.
Your plate armour prevents you from hitting the orc warrior.
The orc wizard hits you but does no damage.
The orc warrior hits you but does no damage.
You hit the orc wizard.
The orc wizard is heavily wounded.
You hit the orc warrior but do no damage.
You closely miss the orc wizard.
The orc wizard gestures at you while chanting.
The puff of frost hits you!
The orc wizard points at you and mumbles some strange words.
The puff of frost hits you!
* * * LOW HITPOINT WARNING * * *
The orc wizard hits you but does no damage.
Your plate armour prevents you from hitting the orc wizard.
The orc wizard is heavily wounded.
You hit the orc warrior but do no damage.
You hit the orc wizard but do no damage.
The orc warrior hits you with a scimitar!
You die...

#....... #.# #......#
#.. #......# #..
#......#### #..
#'#.#..# ##. #>.....#
#'. #.#o#.## ##.
#.#o#.## ♣ ###
##.o@o..## . #.. #
#....#.#.# #. ###
#.+....#.#.# #.#####
#.#...##.#.# #.....#
#........#.# ###...#
#.....####.# #...#
#.....# #.#####...####
#.....# #.....'...'...
#.....#####...##...#...


You could see an orc warrior, 2 orc wizards and an orc.

Vanquished Creatures
  An elf zombie (D:4)
  An elf skeleton (D:4)
  A scorpion (D:4)
  An orc wizard (D:4)
  A hound (D:4)
  A human skeleton (D:4)
  11 mummies (Ossuary)
  4 gnolls
  7 adders
  An ooze (D:2)
  2 adder skeletons (D:4)
  8 worms
  2 dart slugs
  5 leopard geckos
  2 orcs (D:4)
  5 giant cockroaches
  5 goblins
  10 hobgoblins
  10 kobolds
  A quokka (D:2)
  5 ball pythons
  A ball python skeleton (D:4)
  2 bats
  4 frilled lizards
  A gnoll skeleton (Ossuary)
  2 goblin skeletons (Ossuary)
  3 kobold skeletons (Ossuary)
  4 orc skeletons
  An orc zombie (D:4)
  9 rats
  11 rat skeletons (Ossuary)
122 creatures vanquished.

Notes
Turn   | Place    | Note
-------+----------+-------------------------------------------
     0 | D:1      | xgamer67 the Hill Orc Wanderer began the quest for the Orb.
     0 | D:1      | xgamer67 set off with: a +2 shortbow, 25 arrows, a +0 hand axe, a +0 ring mail, a bread ration
     0 | D:1      | Reached XP level 1. HP: 18/18 MP: 1/1
   146 | D:1      | Reached skill level 3 in Axes
   421 | D:1      | Reached XP level 2. HP: 25/25 MP: 2/2
   811 | D:1      | Reached skill level 4 in Axes
  1009 | D:2      | Reached XP level 3. HP: 22/30 MP: 3/3
  1606 | D:2      | Reached skill level 5 in Axes
  2195 | D:2      | Reached XP level 4. HP: 28/37 MP: 4/4
  3065 | D:2      | Reached skill level 6 in Axes
  3177 | D:2      | Learned a level 1 spell: Animate Skeleton
  3179 | D:2      | Learned a level 1 spell: Apportation
  3181 | D:2      | Learned a level 1 spell: Summon Small Mammal
  3470 | D:2      | Reached XP level 5. HP: 11/42 MP: 5/5
  3713 | D:3      | Learned a level 1 spell: Confusing Touch
  3923 | D:3      | Reached skill level 7 in Axes
  4975 | D:4      | Reached skill level 8 in Axes
  4975 | D:4      | Reached XP level 6. HP: 48/50 MP: 6/6
  5208 | D:4      | Reached skill level 9 in Axes
  5264 | D:4      | Found a sand-covered staircase.
  5269 | Ossuary  | Entered an ossuary
  5427 | Ossuary  | Reached XP level 7. HP: 46/56 MP: 7/7
  6461 | Ossuary  | Reached skill level 10 in Axes
  7259 | D:4      | Found Ecetat Jeci's Jewellery Shop.
  7267 | D:4      | Bought a cursed amulet of inaccuracy for 28 gold pieces
  7319 | D:4      | Found Nerod's Gadget Shoppe.
  7379 | D:4      | Slain by an orc warrior

Vault maps used:
D:1:      elethiomel_arrival_shortcut
D:2:      serial_co_window_serial, co_window_paths_b,
          co_window_of_opportunity_a, co_window_paths_a, co_window_corner_a,
          co_window_cross_1, co_window_corner_cb, co_window_unsneaky_path_e,
          co_window_paths_c, co_window_corner_b, co_window_unsneaky_path_c,
          co_window_corner_b, co_window_unsneaky_path_b, co_window_paths_d,
          co_window_4corner_a, minivault_14
D:3:      minivault_5, grunt_decor_arrowhead
D:4:      serial_shops, nicolae_shop_temple_entry_statues_fountains, shop,
          shop_fountains, nicolae_ossuary_entry_catacombs, first_bread,
          fedhas_altar_4
Ossuary:  ossuary_due_small_catacomb

Skill      XL: |  1  2  3  4  5  6  7 |
---------------+----------------------+-----
Axes           | 3 4 5 6 8 9 10 | 10.2
Armour         | 3 |  3.1
Fighting       | |  2.4
Bows           | |  1.7
Throwing       | |  1.0
Shields        | |  1.1

Action                   |  1- 3 |  4- 6 |  7- 9 || total
-------------------------+-------+-------+-------++-------
Melee: Hand axe          |   114 |   323 |   154 ||   591
Throw: Tomahawk          |    28 |    13 |       ||    41
  Use: Scroll            |     4 |     5 |     4 ||    13
 Stab: Sleeping          |       |     1 |       ||     1
  Eat: Chunk             |     3 |    11 |       ||    14
       Fruit             |       |       |     2 ||     2
       Meat ration       |       |       |     1 ||     1
Armor: Ring mail         |    33 |    16 |       ||    49
       Plate armour      |       |   130 |    43 ||   173
Dodge: Dodged            |    35 |    68 |    11 ||   114
